 Dungeon Crawl Stone Soup version 0.31-a0-1626-g5cb510d322 (webtiles) character file.

Game seed: 2564014650222208495

844 Ivernyr the Shield-Bearer (level 8, -2/60 (63) HPs)
             Began as a Formicid Fighter on Jan 12, 2024.
             Was a Follower of Okawaru.
             Slain by a scorpion (6 damage)
             ... on level 4 of the Dungeon.
             The game lasted 00:05:23 (3716 turns).

Ivernyr the Shield-Bearer (Formicid Fighter)        Turns: 3716, Time: 00:05:23

HP:   -2/60 (63)    AC:  7    Str: 23    XL:     8   Next: 20%
MP:   9/10          EV:  9    Int:  8    God:    Okawaru [*.....]
Gold: 189           SH:  5    Dex: 13    Spells: 7/7 levels left

rFire   . . .        a - +0 quarterstaff
rCold   . . .        c - +0 buckler
rNeg    . . .        b - +0 scale mail
rPois   .            (helmet unavailable)
rElec   .            o - scarf {repulsion}
rCorr   .            (no gloves)
SInv    +            (no boots)
Will    .....        (no amulet) Stlth
                     (no ring)
HPRegen 0.30/turn    (no ring)
MPRegen 0.12/turn

%: repel missiles
@: lethally poisoned (-2 -> -4), lightly drained, invisible
A: permanent stasis, dig shafts and tunnels, antennae 3, four strong arms
a: Dig, Shaft Self, Renounce Religion, Heroism


You were on level 4 of the Dungeon.
You worshipped Okawaru.
Okawaru was aware of your devotion.
You visited 1 branch of the dungeon, and saw 4 of its levels.

You collected 189 gold pieces.

Inventory:

Hand Weapons
 a - a +0 quarterstaff (weapon)
Armour
 b - a +0 scale mail (worn)
 c - a +0 buckler (worn)
 o - a scarf of repulsion (worn)
Wands
 p - a wand of roots (5)
 s - a wand of digging (3)
Scrolls
 e - a scroll of revelation {unknown}
 j - 2 scrolls of silence {unknown}
 l - 2 scrolls of identify {unknown}
 m - a scroll of teleportation {unknown}
 n - a scroll of enchant armour {unknown}
 q - a scroll of blinking {unknown}
 r - a scroll of noise {unknown}
 t - a scroll of poison {unknown}
 v - a scroll of fog {unknown}
Potions
 d - a potion of might
 f - a potion of resistance {unknown}
 g - a potion of lignification {unknown}
 h - a potion of invisibility
 i - a potion of haste {unknown}
 k - a potion of brilliance {unknown}
 u - a potion of curing {unknown}


   Skills:
 + Level 5.6 Fighting
 + Level 4.5 Staves
 + Level 5.6 Armour
 + Level 6.7 Shields
 + Level 2.7 Invocations


You had 7 spell levels left.
You didn't know any spells.
Your spell library contained the following spells:

 Spells                   Type           Power      Damage    Failure   Level
 Gell's Gravitas          Tloc           0%         N/A       98%         3
 Teleport Other           Tloc           0%         N/A       98%         3
 Dispersal                Tloc           0%         N/A       100%        6


Dungeon Overview and Level Annotations

Branches:
Dungeon (4/15)
 Temple: D:4-7

Altars:
Ashenzari
Cheibriados
Elyvilon
Fedhas
Makhleb
Okawaru
Sif Muna
Vehumet
Wu Jian
Zin
The Shining One

Annotations:
D:3 3 runed translucent doors, Ivernyr's ghost, weakling FoFi


Innate Abilities, Weirdness & Mutations

You cannot be hasted, slowed, berserked, paralysed or teleported.
You can dig through walls and to a lower floor.
You have a pair of large antennae on your head. (SInv)
Your four strong arms can wield two-handed weapons with a shield.


Message History

A kobold comes into view. It is wielding a +0 club.
The orc priest mumbles some strange prayers to Beogh against you.
Beogh smites you!
You hit the orc.
The orc is moderately wounded.
The orc hits you with a +0 flail.
You barely miss the orc.
The orc is moderately wounded.
You barely miss the orc priest. The orc hits you with a +0 flail.
The orc priest hits you with a +0 falchion.
The orc hits you with a +0 flail.
You barely miss the orc priest. The scorpion stings you.
You are poisoned.
The scorpion poisons you!
The orc priest calls upon Beogh to heal the orc.
The orc's wounds heal themselves!
The orc closely misses you. The scorpion stings you.
You barely miss the orc priest.
You feel very sick.
The orc priest miscasts a cantrip.
You block the scorpion's attack. The orc hits you but does no damage.
Unknown command.
You extend your mandibles.
You dig through the rock wall.
You feel drained.
You feel very sick.
The orc priest hits you with a +0 falchion.
* * * LOW HITPOINT WARNING * * *
You dig through the rock wall.
You feel drained.
You feel sick.
You retract your mandibles.
You sock the orc priest!
The orc priest is almost dead.
You feel sick. The orc priest closely misses you.
You thump the orc priest!
You kill the orc priest!
Okawaru accepts your kill.
You feel sick. The scorpion stings you.
* * * LOW HITPOINT WARNING * * *
It was a potion of invisibility.
You fade into invisibility!
You feel sick. The scorpion stings you.
You die...

##### .. #.##.#..... .....#
#. ##.)....# .#
...8..##.##...##### #.##
.o. ..$#.....## ######....
.o. ..⌠#....## #.........
o.. ..$#..#.# #..>......
... .. #..#.# #....<....
... ##....## ###.....>...
#######...#..###@#.†.......
...............#s#.........
....####.<.....oK)....{....
.#.# ###..###..#.........
...# #....# ##.....##....
.####....#..# ####### ..##
......####..# .o. #######
#..# .. # #..


You could see a scorpion (unable to see you), an orc (unable to see you) and a
kobold (unable to see you).

Vanquished Creatures
  Sigmund (D:2)
  A black bear (D:4)
  A scorpion (D:4)
  A bombardier beetle (D:4)
  2 hounds (D:4)
  3 orc priests (D:4)
  3 orc wizards (D:4)
  Natasha (twice) (D:3)
  8 gnolls (D:4)
  4 adders
  2 dart slugs (D:1)
  A ribbon worm (D:4)
  12 orcs
  4 endoplasms
  3 giant cockroaches
  6 goblins
  8 hobgoblins
  4 jackals (D:2)
  A quokka (D:1)
  6 ball pythons
  4 bats
  A frilled lizard (D:3)
  7 kobolds
  6 rats
91 creatures vanquished.

Notes
Turn   | Place    | Note
-------+----------+-------------------------------------------
     0 | D:1      | Ivernyr the Formicid Fighter began the quest for the Orb.
     0 | D:1      | Reached XP level 1. HP: 18/18 MP: 1/1
   251 | D:1      | Reached XP level 2. HP: 24/24 MP: 2/2
   389 | D:1      | Reached XP level 3. HP: 29/29 MP: 3/3
  1401 | D:2      | Noticed Sigmund
  1402 | D:2      | Found a radiant altar of Vehumet.
  1415 | D:2      | Killed Sigmund
  1416 | D:2      | Reached skill level 5 in Shields
  1416 | D:2      | Reached XP level 4. HP: 21/38 MP: 4/4
  1416 | D:2      | Reached XP level 5. HP: 24/43 MP: 5/5
  1416 | D:2      | Reached XP level 6. HP: 27/49 MP: 6/6
  2165 | D:3      | Found a runed translucent gate.
  2165 | D:3      | Found a runed translucent gate.
  2166 | D:3      | Found a runed translucent gate.
  2167 | D:3      | Noticed Ivernyr's ghost (weakling FoFi)
  2189 | D:3      | Found a snail-covered altar of Cheibriados.
  2193 | D:3      | Found a broken altar of Ashenzari.
  2194 | D:3      | Found a burning altar of Makhleb.
  2198 | D:3      | Found an iron altar of Okawaru.
  2309 | D:3      | Became a worshipper of Warmaster Okawaru
  2363 | D:3      | Found an ornate altar of the Wu Jian Council.
  2499 | D:3      | Found a faded altar of an unknown god.
  2500 | D:3      | Noticed Natasha
  2510 | D:3      | Killed Natasha
  2546 | D:3      | Noticed Natasha
  2554 | D:3      | Killed Natasha
  2691 | D:4      | Found a glowing golden altar of the Shining One.
  2848 | D:4      | Found a glowing silver altar of Zin.
  2856 | D:4      | Found a white marble altar of Elyvilon.
  2856 | D:4      | Found a blossoming altar of Fedhas.
  2882 | D:4      | Reached XP level 7. HP: 24/55 MP: 7/7
  2990 | D:4      | Found a shimmering blue altar of Sif Muna.
  3083 | D:4      | Reached skill level 5 in Armour
  3083 | D:4      | Reached skill level 6 in Shields
  3093 | D:4      | Reached skill level 5 in Fighting
  3093 | D:4      | Reached skill level 1 in Invocations
  3515 | D:4      | Reached * piety under Okawaru
  3530 | D:4      | Reached XP level 8. HP: 21/63 MP: 9/9
  3716 | D:4      | Slain by a scorpion

Illustrated notes

Levels and vault maps discovered:
D:1:      dpeg_arrival_boxorama, layout_basic, minmay_heptomino_d4
D:2:      layout_basic, basic_altar, serial_corexii_hall,
          chequers_hall_statues_wall_a, corexii_hall_statues_x, uniq_sigmund
D:3:      layout_rooms, mainiacjoe_overflow_brackets, minitemple,
          gammafunk_ghost_necromancy, hellmonk_ecumenical_altar_heavens_door,
          uniq_natasha
D:4:      cheibrodos_pilgrimage, layout_rooms,
          nicolae_overflow_hallway_of_the_gods, chequers_decorated_corner,
          uniq_crazy_yiuf_cottage

Skill      XL: |  1  2  3  4  5  6  7 |
---------------+----------------------+-----
Fighting       | 4 5 |  5.6
Staves         | 3 4 |  4.5
Armour         | 4 5 |  5.6
Shields        | 5 6 |  6.7
Invocations    | 2 |  2.7

Action                     |  1- 3 |  4- 6 |  7- 9 || total
---------------------------+-------+-------+-------++-------
  Melee: Quarterstaff      |    75 |   106 |    95 ||   276
Ability: Dig               |       |       |     3 ||     3
    Use: Potion            |       |       |     1 ||     1
 Armour: Scale mail        |    46 |    92 |    74 ||   212
  Dodge: Dodged            |    32 |    61 |    29 ||   122
         Repelled          |       |       |     1 ||     1
  Block: Buckler           |    21 |    33 |    26 ||    80

Table legend: (Time is in decaauts)
 A = Elapsed time spent in this place.
 B = Non-inter-level travel time spent in this place.
 C = Inter-level travel time spent in this place.
 D = Time resting spent in this place.
 E = Time spent auto-exploring this place.
 F = Levels seen in this place.
 G = Mean time per level.
                   A        B        C        D        E       F      G
               +--------+--------+--------+--------+--------+-----+--------+
         Total |   3759 |   3560 |    199 |    546 |   2280 |   4 |  939.8 |
       Dungeon |   3759 |   3560 |    199 |    546 |   2280 |   4 |  939.8 |
               +--------+--------+--------+--------+--------+-----+--------+

Top non-repeatable levels by time:
     D:4: 1127 daAuts
     D:1: 1104 daAuts
     D:2: 836 daAuts
     D:3: 690 daAuts
